PL
PHOENIX HOTSPUR @ PANAMA CITY PIRANHAS
10/16/2029
 
TOP OF THE 1ST
Phoenix Hotspur batting - Pitching for Panama City Piranhas : RHP John Dempsey
Pitching: RHP John Dempsey
Batting: RHB Roland Deschain 0-0: Ball
1-0: Called Strike
1-1: Foul Ball, location: 2F
1-2: Ball
2-2: Ground out 5-3 (Groundball, 5S)
Batting: RHB Kyle Bywaters 0-0: Called Strike
0-1: Foul Ball, location: 2F
0-2: Foul Ball, location: 2F
0-2: Ball
1-2: Ground out 6-3 (Groundball, 6M)
Batting: LHB Francisco García 0-0: Ground out 4-3 (Groundball, 4MS)
Top of the 1st over - 0 runs, 0 hits, 0 errors, 0 left on base; Phoenix 0 - Panama City 0
BOTTOM OF THE 1ST
Panama City Piranhas batting - Pitching for Phoenix Hotspur : LHP Alejandro Guerra
Pitching: LHP Alejandro Guerra
Batting: RHB Juan Jose Ayala 0-0: Ball
1-0: Ball
2-0: Fly out, F9 (Line Drive, 9)
Batting: RHB Baldomero Avino 0-0: DOUBLE (Line Drive, 8LXD)
Batting: RHB Andy Putman 0-0: Foul Ball, location: 2F
0-1: Foul Ball, location: 2F
0-2: Strikes out swinging
Batting: RHB Cale Sutton 0-0: Called Strike
0-1: Swinging Strike
0-2: Ball
1-2: Foul Ball, location: 2F
1-2: Foul Ball, location: 2F
1-2: Foul Ball, location: 2F
1-2: Ball
2-2: Ball
3-2: Ground out 4-3 (Groundball, 4)
Bottom of the 1st over - 0 runs, 1 hit, 0 errors, 1 left on base; Phoenix 0 - Panama City 0
TOP OF THE 2ND
Phoenix Hotspur batting - Pitching for Panama City Piranhas : RHP John Dempsey
Batting: RHB Gabriel Pérez 0-0: Called Strike
0-1: Ball
1-1: SINGLE (Groundball, 6D)
Batting: LHB Mario Cruz 0-0: Ball
1-0: Ball
2-0: Ball
3-0: Foul Ball, location: 2F
3-1: Foul Ball, location: 2F
3-2: Strikes out swinging
Batting: RHB Randy Rehling 0-0: Called Strike
0-1: Ball
1-1: Foul Ball, location: 2F
1-2: Fly out, F9 (Flyball, 89S)
Batting: RHB Ted Cook 0-0: Called Strike
0-1: Ball
1-1: Ground out 3-1 (Groundball, 34S)
Top of the 2nd over - 0 runs, 1 hit, 0 errors, 1 left on base; Phoenix 0 - Panama City 0
BOTTOM OF THE 2ND
Panama City Piranhas batting - Pitching for Phoenix Hotspur : LHP Alejandro Guerra
Batting: RHB Fernando Silva 0-0: Foul Ball, location: 2F
0-1: Foul Ball, location: 2F
0-2: Ball
1-2: Ball
2-2: Ball
3-2: Foul Ball, location: 2F
3-2: Fly out, F6 (Flyball, 56D)
Batting: RHB Raúl Ortíz 0-0: Ball
1-0: Swinging Strike
1-1: Ball
2-1: Fly out, F9 (Flyball, 9S)
Batting: RHB Armando Alvarado 0-0: Ball
1-0: Called Strike
1-1: Foul Ball, location: 2F
1-2: Ball
2-2: Foul Ball, location: 2F
2-2: SINGLE (Line Drive, 4D)
Batting: RHB Darrell Terwey 0-0: Ball
1-0: Called Strike
1-1: Ball
2-1: Called Strike
2-2: SINGLE (Groundball, 56D)
Armando Alvarado to second
Batting: RHB Bill Tan 0-0: Called Strike
0-1: Called Strike
0-2: Ball
1-2: Strikes out swinging
Bottom of the 2nd over - 0 runs, 2 hits, 0 errors, 2 left on base; Phoenix 0 - Panama City 0
TOP OF THE 3RD
Phoenix Hotspur batting - Pitching for Panama City Piranhas : RHP John Dempsey
Batting: LHB Shojiro Ueda 0-0: Swinging Strike
0-1: Foul Ball, location: 2F
0-2: Ball
1-2: Ground out U3 (Groundball, 3S)
Batting: RHB Pierre Bernard 0-0: Swinging Strike
0-1: Foul Ball, location: 2F
0-2: Ball
1-2: Ball
2-2: Ball
3-2: Foul Ball, location: 2F
3-2: Foul Ball, location: 2F
3-2: Strikes out looking
Batting: RHB Roland Deschain 0-0: Called Strike
0-1: Ball
1-1: Swinging Strike
1-2: Foul Ball, location: 2F
1-2: Strikes out swinging
Top of the 3rd over - 0 runs, 0 hits, 0 errors, 0 left on base; Phoenix 0 - Panama City 0
BOTTOM OF THE 3RD
Panama City Piranhas batting - Pitching for Phoenix Hotspur : LHP Alejandro Guerra
Batting: RHB Juan Jose Ayala 0-0: Ball
1-0: Ball
2-0: Called Strike
2-1: Foul Ball, location: 2F
2-2: Foul Ball, location: 2F
2-2: Foul Ball, location: 2F
2-2: Foul Ball, location: 2F
2-2: Ball
3-2: Base on Balls
Batting: RHB Baldomero Avino 0-0: Called Strike
0-1: Ball
1-1: Foul Ball, location: 2F
1-2: Strikes out swinging
Batting: RHB Andy Putman 0-0: Foul Ball, location: 2F
0-1: Ball
1-1: Ball
Juan Jose Ayala steals 2nd base
2-1: SINGLE (Groundball, 6D)
Juan Jose Ayala to third
Runner from 3rd tries for Home, SAFE, no throw
Batting: RHB Cale Sutton 0-0: Ball
1-0: Foul Ball, location: 2F
1-1: Ball
2-1: Ball
3-1: Called Strike
3-2: Fly out, F9 (Flyball, 89D)
Batting: RHB Fernando Silva 0-0: Ball
1-0: SINGLE (Line Drive, 7S)
Andy Putman to second
Batting: RHB Raúl Ortíz 0-0: Ball
1-0: Foul Ball, location: 2F
1-1: Called Strike
1-2: Ball
2-2: Ball
3-2: Foul Ball, location: 2F
3-2: Ground out 6-3 (Groundball, 6S)
Bottom of the 3rd over - 1 run, 2 hits, 0 errors, 2 left on base; Phoenix 0 - Panama City 1
TOP OF THE 4TH
Phoenix Hotspur batting - Pitching for Panama City Piranhas : RHP John Dempsey
Batting: RHB Kyle Bywaters 0-0: Foul Ball, location: 2F
0-1: Ground out 3-1 (Groundball, 34S)
Batting: LHB Francisco García 0-0: Fly out, F6 (Line Drive, 56)
Batting: RHB Gabriel Pérez 0-0: Called Strike
0-1: Swinging Strike
0-2: Strikes out swinging
Top of the 4th over - 0 runs, 0 hits, 0 errors, 0 left on base; Phoenix 0 - Panama City 1
BOTTOM OF THE 4TH
Panama City Piranhas batting - Pitching for Phoenix Hotspur : LHP Alejandro Guerra
Batting: RHB Armando Alvarado 0-0: Ball
1-0: SINGLE (Line Drive, 6M)
Batting: RHB Darrell Terwey 0-0: Called Strike
0-1: Ball
1-1: Ball
2-1: Foul Ball, location: 2F
2-2: Fly out, F8 (Flyball, 8LM)
Batting: RHB Bill Tan 0-0: Called Strike
0-1: Fielders Choice at 2nd, 4-6 (Groundball, 4)
Batting: RHB Juan Jose Ayala 0-0: Foul Ball, location: 2F
0-1: Ball
1-1: Called Strike
1-2: Ground out 6-3 (Groundball, 6)
Bottom of the 4th over - 0 runs, 1 hit, 0 errors, 1 left on base; Phoenix 0 - Panama City 1
TOP OF THE 5TH
Phoenix Hotspur batting - Pitching for Panama City Piranhas : RHP John Dempsey
Batting: LHB Mario Cruz 0-0: Ball
1-0: SINGLE (Flyball, 7LS)
Batting: RHB Randy Rehling 0-0: Bunt missed!
0-1: Sac Bunt - play at first, batter OUT! 5-4
Mario Cruz to second
Batting: RHB Ted Cook 0-0: Called Strike
0-1: Ball
1-1: Called Strike
1-2: Strikes out swinging
Batting: LHB Shojiro Ueda 0-0: Ball
1-0: Ground out 6-3 (Groundball, 6)
Top of the 5th over - 0 runs, 1 hit, 0 errors, 1 left on base; Phoenix 0 - Panama City 1
BOTTOM OF THE 5TH
Panama City Piranhas batting - Pitching for Phoenix Hotspur : LHP Alejandro Guerra
Batting: RHB Baldomero Avino 0-0: SINGLE (Flyball, 89S)
Batting: RHB Andy Putman 0-0: Fly out, F6 (Line Drive, 6)
Batting: RHB Cale Sutton 0-0: Swinging Strike
0-1: Fly out, F3 (Popup, 3SF)
Batting: RHB Fernando Silva 0-0: Ball
1-0: Swinging Strike
1-1: Ball
2-1: Swinging Strike
2-2: Ball
3-2: Foul Ball, location: 2F
3-2: Fly out, F6 (Line Drive, 6)
Bottom of the 5th over - 0 runs, 1 hit, 0 errors, 1 left on base; Phoenix 0 - Panama City 1
TOP OF THE 6TH
Phoenix Hotspur batting - Pitching for Panama City Piranhas : RHP John Dempsey
Batting: RHB Pierre Bernard 0-0: Ball
1-0: SINGLE (Line Drive, 7LM)
Batting: RHB Roland Deschain 0-0: Ball
1-0: Bunted foul
1-1: Ball
2-1: Sac Bunt - play at first, batter OUT! 5-4
Pierre Bernard to second
Batting: RHB Kyle Bywaters 0-0: Foul Ball, location: 2F
0-1: Ball
1-1: Called Strike
1-2: Strikes out swinging
Batting: LHB Francisco García 0-0: Called Strike
0-1: Ball
1-1: Ball
2-1: Ground out U3 (Groundball, 3)
Top of the 6th over - 0 runs, 1 hit, 0 errors, 1 left on base; Phoenix 0 - Panama City 1
BOTTOM OF THE 6TH
Panama City Piranhas batting - Pitching for Phoenix Hotspur : LHP Alejandro Guerra
Batting: RHB Raúl Ortíz 0-0: Ball
1-0: Foul Ball, location: 2F
1-1: Ball
2-1: Ball
3-1: Foul Ball, location: 2F
3-2: Ground out 6-3 (Groundball, 56)
Batting: RHB Armando Alvarado 0-0: Ball
1-0: Ground out 6-3 (Groundball, 6)
Batting: RHB Darrell Terwey 0-0: Called Strike
0-1: Fly out, F7 (Flyball, 7LS)
Bottom of the 6th over - 0 runs, 0 hits, 0 errors, 0 left on base; Phoenix 0 - Panama City 1
TOP OF THE 7TH
Phoenix Hotspur batting - Pitching for Panama City Piranhas : RHP John Dempsey
Batting: RHB Gabriel Pérez 0-0: Foul Ball, location: 2F
0-1: Ball
1-1: Ball
2-1: Foul Ball, location: 2F
2-2: Fly out, F7 (Flyball, 78M)
Batting: LHB Mario Cruz 0-0: Ball
1-0: Swinging Strike
1-1: Called Strike
1-2: Strikes out looking
Batting: RHB Randy Rehling 0-0: Ground out 4-3 (Groundball, 4)
Top of the 7th over - 0 runs, 0 hits, 0 errors, 0 left on base; Phoenix 0 - Panama City 1
BOTTOM OF THE 7TH
Panama City Piranhas batting - Pitching for Phoenix Hotspur : LHP Alejandro Guerra
Batting: RHB Bill Tan 0-0: Foul Ball, location: 2F
0-1: Called Strike
0-2: Ball
1-2: Foul Ball, location: 2F
1-2: Foul Ball, location: 2F
1-2: Ground out 6-3 (Groundball, 6M)
Batting: RHB Juan Jose Ayala 0-0: Ball
1-0: Ball
2-0: Ground out 3-1 (Groundball, 34S)
Batting: RHB Baldomero Avino 0-0: Foul Ball, location: 2F
0-1: Ball
1-1: Ball
2-1: Foul Ball, location: 2F
2-2: SINGLE (Flyball, 7LS)
Pitching: RHP Mitchell Atwell
Batting: RHB Andy Putman 0-0: Called Strike
0-1: Swinging Strike
0-2: Ball
1-2: Ball
2-2: Strikes out looking
Bottom of the 7th over - 0 runs, 1 hit, 0 errors, 1 left on base; Phoenix 0 - Panama City 1
TOP OF THE 8TH
Phoenix Hotspur batting - Pitching for Panama City Piranhas : RHP John Dempsey
Batting: RHB Ted Cook 0-0: Ball
1-0: Ball
2-0: Ball
3-0: Called Strike
3-1: Base on Balls
Pinch Runner at 1st Wagaw Lukongolo:
Batting: LHB Shojiro Ueda 0-0: Ball
1-0: Called Strike
1-1: Ball
2-1: Ball
3-1: Grounds into double play, 4-6-3 (Groundball, 34)
Batting: RHB Pierre Bernard 0-0: Ground out 4-3 (Groundball, 34)
Top of the 8th over - 0 runs, 0 hits, 0 errors, 0 left on base; Phoenix 0 - Panama City 1
BOTTOM OF THE 8TH
Panama City Piranhas batting - Pitching for Phoenix Hotspur : RHP Mitchell Atwell
Now at 3B: Alex Niemann
Batting: RHB Cale Sutton 0-0: Called Strike
0-1: Ball
1-1: Ball
2-1: Fly out, F8 (Line Drive, 8RM)
Batting: RHB Fernando Silva 0-0: Ball
1-0: Called Strike
1-1: Swinging Strike
1-2: Fly out, F9 (Flyball, 9LS)
Batting: RHB Raúl Ortíz 0-0: Ball
1-0: Called Strike
1-1: Ball
2-1: Ball
3-1: Swinging Strike
3-2: Fly out, F8 (Flyball, 8RM)
Bottom of the 8th over - 0 runs, 0 hits, 0 errors, 0 left on base; Phoenix 0 - Panama City 1
TOP OF THE 9TH
Phoenix Hotspur batting - Pitching for Panama City Piranhas : RHP John Dempsey
Batting: RHB Roland Deschain 0-0: Ball
1-0: Foul Ball, location: 2F
1-1: Fly out, F8 (Flyball, 8LD)
Batting: RHB Kyle Bywaters 0-0: Foul Ball, location: 2F
0-1: Ground out 2-3 (Groundball, 15S)
Batting: LHB Francisco García 0-0: Foul Ball, location: 2F
0-1: Called Strike
0-2: Ball
1-2: Foul Ball, location: 2F
1-2: Ball
2-2: Foul Ball, location: 2F
2-2: SINGLE (Groundball, 3D)
Pitching: RHP Mark Valle
Batting: RHB Gabriel Pérez 0-0: Ball
1-0: Called Strike
1-1: Called Strike
1-2: SINGLE (Flyball, 7S)
Francisco García to second
Runner from 2nd tries for 3rd, SAFE, throw made at trailing runner, OUT!
Top of the 9th over - 0 runs, 2 hits, 0 errors, 1 left on base; Phoenix 0 - Panama City 1
Tuesday, December 19th, 2017 - OOTP Baseball 18.8 Build 76